 Dungeon Crawl Stone Soup version 0.27-a0-1036-g8e1b44f6bd (webtiles) character file.

Game seed: 7376186136646420844

1269 tardwrangler69 the Geomancer (level 8, -1/57 HPs)
             Began as a Red Draconian Earth Elementalist on Apr 18, 2021.
             Shot with an arrow by a centaur (12 damage)
             ... on level 6 of the Dungeon.
             The game lasted 00:04:50 (6024 turns).

tardwrangler69 the Geomancer (DrEE)                 Turns: 6024, Time: 00:04:51

Health: -1/57      AC:  7    Str: 11    XL:     8   Next: 28%
Magic:  16/16      EV: 12    Int: 20    God:
Gold:   148        SH:  0    Dex: 11    Spells: 17/18 levels left

rFire    + . .     SeeInvis .   q - +4 fustibalus of Anlicsan {freeze, rPois rC++ Int+2}
rCold    + + .     Faith    .   (no shield)
rNeg     . . .     Spirit   .   (armour unavailable)
rPois    +         Reflect  .   (helmet restricted)
rElec    .         Harm     .   t - +0 cloak
rCorr    .         Rampage  .   (no gloves)
Will     .....                  (no boots)
Stlth    ++........             (no amulet)
HPRegen  0.19/turn              (no ring)
MPRegen  0.15/turn              (no ring)

@: no status effects
A: breathe fire, AC +6, unfitting armour, fire resistance 1, cold-blooded
a: Breathe Fire


You were on level 6 of the Dungeon.
You visited 1 branch of the dungeon, and saw 6 of its levels.

You collected 148 gold pieces.

Inventory:

Hand Weapons
 p - a +0 falchion
 q - the +4 fustibalus of Anlicsan (weapon) {freeze, rPois rC++ Int+2}
   (You found it on level 4 of the Dungeon)

   It causes projectiles fired from it to freeze those they strike, causing
   extra injury to most foes and up to half again as much damage against
   particularly susceptible opponents.
   They can also slow down cold-blooded creatures.
   It affects your intelligence (+2).
   It greatly protects you from cold.
   It protects you from poison.
Missiles
 b - 179 stones (quivered ammo)
Armour
 t - a +0 cloak (worn)
 v - the +1 kite shield "Gihoupsa" {rCorr Int+3 Stlth+}
   (You found it on level 5 of the Dungeon)

   It affects your intelligence (+3).
   It protects you from acid and corrosion.
   It makes you more stealthy.
Jewellery
 w - the ring "Wafeeck" {rF+ Int+6}
   (You found it on level 5 of the Dungeon)

   [ring of intelligence]

   It affects your intelligence (+6).
   It protects you from fire.
 x - a +4 ring of evasion
Wands
 i - a wand of iceblast (7)
 o - a wand of acid (8)
 u - a wand of mindburst (15)
Scrolls
 a - 3 scrolls of amnesia {unknown}
 d - 6 scrolls of identify {unknown}
 e - 2 scrolls of brand weapon {unknown}
 f - a scroll of immolation {unknown}
 g - a scroll of enchant armour {unknown}
 h - 3 scrolls of fear {unknown}
 j - a scroll of vulnerability {unknown}
 n - 2 scrolls of teleportation {unknown}
 r - a scroll of noise {unknown}
 s - a scroll of fog {unknown}
Potions
 c - a potion of lignification {unknown}
 k - a potion of curing {unknown}
 l - a potion of haste {unknown}
 m - 2 potions of heal wounds {unknown}
 z - a potion of degeneration {unknown}


   Skills:
 - Level 1.7 Dodging
 - Level 1.7 Stealth
 + Level 5.6 Spellcasting
 - Level 1.0 Transmutations
 * Level 8.8 Earth Magic


You had 17 spell levels left.
You knew the following spells:

 Your Spells              Type           Power      Damage    Failure   Level
a - Sandblast             Erth           80%        2d17      1%          1

Your spell library contained the following spells:

 Spells                   Type           Power      Damage    Failure   Level
 Passwall                 Tmut/Erth      20%        N/A       2%          2
 Stone Arrow              Conj/Erth      46%        3d9       5%          3
 Sting                    Tmut/Pois      28%        1d4       9%          1
 Lee's Rapid Deconstruct  Erth           20%        3d13*     9%          5
 Animate Skeleton         Necr           10%        N/A       11%         1
 Corona                   Hex            5%         N/A       11%         1
 Pain                     Necr           20%        1d5       11%         1
 Petrify                  Tmut/Erth      25%        N/A       14%         4
 Ensorcelled Hibernation  Hex/Ice        10%        N/A       17%         2
 Poisonous Vapours        Pois/Air       10%        N/A       17%         2
 Ignite Poison            Fire/Tmut/Pois 6%         N/A       28%         3
 Confusing Touch          Hex            5%         N/A       32%         3
 Dazzling Flash           Conj/Hex       10%        N/A       32%         3
 Mephitic Cloud           Conj/Pois/Air  5%         N/A       32%         3
 Tukima's Dance           Hex            5%         N/A       32%         3
 Vampiric Draining        Necr           2%         2d6       32%         3
 Animate Dead             Necr           2%         N/A       73%         4
 Olgreb's Toxic Radiance  Pois           5%         N/A       73%         4
 Agony                    Necr           5%         N/A       97%         5


Dungeon Overview and Level Annotations

Branches:
Dungeon (6/15)
 Temple: D:4-7

Altars:
Fedhas

Shops:
D:6 =

Annotations:
D:2 Terence


Innate Abilities, Weirdness & Mutations

You can breathe blasts of fire.
Your fiery red scales are hard. (AC +6)
You cannot fit into any form of body armour.
Your flesh is heat resistant. (rF+)
You are cold-blooded and may be slowed by cold attacks.


Message History

b - 183 stones (gained 1)
Found a stone staircase leading down.
Found Utroomao's Jewellery Boutique.
A centaur comes into view.
The centaur shouts!
The centaur wields a +0 shortbow.
The centaur shoots an arrow.
The arrow hits you!
A centaur is nearby!
A centaur is nearby!
You shoot a stone. The stone hits the centaur!
The stone freezes the centaur.
The centaur is heavily wounded.
The centaur shoots an arrow.
The arrow hits you.
The centaur shoots an arrow.
The arrow completely misses you.
You shoot a stone. The stone hits the centaur.
The stone freezes the centaur.
The centaur is almost dead.
The centaur shoots an arrow.
The arrow hits you!
You shoot a stone. The stone barely misses the centaur.
The centaur shoots an arrow.
The arrow hits you.
The centaur shoots an arrow.
The arrow misses you.
The centaur shoots an arrow.
The arrow hits you!
You are too injured to fight recklessly!
You are too injured to fight recklessly!
You are too injured to fight recklessly!
You are too injured to fight recklessly!
You are too injured to fight recklessly!
You are too injured to fight recklessly!
You are too injured to fight recklessly!
The centaur shoots an arrow.
The arrow hits you.
* * * LOW HITPOINT WARNING * * *
You start resting.
The centaur shoots an arrow.
The arrow hits you!
* * * LOW HITPOINT WARNING * * *
You are too injured to fight recklessly!
Fire: 180 stones
Press: ? - help, Q - select action, (/) - cycle Shift-Dir - straight line, f/p - centaur
Aim: a centaur, wielding a +0 shortbow and quivering arrows (almost dead, 68% to hit)
You shoot a stone.
The stone hits the centaur but does no damage.
The centaur is almost dead.
The centaur shoots an arrow.
The arrow hits you!
You die...

##.c....##
.........##
.......##..#####....#
...>...#..# ##...#
.........## ##...
..c.......######..
#....# #..#...... #.
#...# #....#... #..
##.## ##.#####..
#§§.##@.# #..# #..
≈≈≈......## ##.## ##.
##≈.......####..# #.
+.........##..## #.
#§§...........# #.
§§§§....###....# ##
....§§....# #....###.
#
.........###.........
# #...##....
....#......


You could see a centaur.

Vanquished Creatures
  Prince Ribbit (D:6)
  3 sky beasts
  3 ogres
  2 centaurs (D:6)
  A centaur zombie (D:6)
  A hound (D:5)
  A gnoll shaman (D:4)
  Ijyb (D:3)
  2 iguanas (D:4)
  An orc wizard (D:6)
  2 gnolls (D:4)
  9 adders
  2 dart slugs
  13 orcs
  4 ball pythons
  5 endoplasms
  A giant cockroach (D:4)
  6 hobgoblins
  3 jackals (D:1)
  2 quokkas (D:2)
  A bat (D:1)
  6 goblins
  3 kobolds
  5 rats
78 creatures vanquished.

Notes
Turn   | Place    | Note
-------+----------+-------------------------------------------
     0 | D:1      | tardwrangler69 the Draconian Earth Elementalist began the
                  | quest for the Orb.
     0 | D:1      | Reached XP level 1. HP: 14/14 MP: 3/3
  1198 | D:1      | Reached XP level 2. HP: 15/20 MP: 5/5
  1518 | D:2      | Reached XP level 3. HP: 26/26 MP: 3/6
  1802 | D:2      | Reached skill level 4 in Earth Magic
  2213 | D:2      | Noticed Terence
  2424 | D:3      | Noticed Ijyb
  2437 | D:3      | Killed Ijyb
  2438 | D:3      | Reached XP level 4. HP: 15/33 MP: 0/8
  3710 | D:4      | Reached skill level 5 in Earth Magic
  3814 | D:4      | Reached XP level 5. HP: 38/38 MP: 7/9
  3842 | D:4      | Identified the +4 fustibalus of Anlicsan {freeze, rPois
                  | rC++ Int+2}
  4941 | D:5      | Entered Level 5 of the Dungeon
  4962 | D:5      | Noticed a sky beast
  4973 | D:5      | Killed a sky beast
  4974 | D:5      | Reached skill level 6 in Earth Magic
  4974 | D:5      | Reached XP level 6. HP: 45/45 MP: 8/11
  5146 | D:5      | Noticed a sky beast
  5158 | D:5      | Killed a sky beast
  5159 | D:5      | Your scales start taking on a fiery red colour.
  5159 | D:5      | Reached XP level 7. HP: 50/50 MP: 9/13
  5159 | D:5      | Gained mutation: Your flesh is heat resistant. (rF+) [Red
                  | Draconian growth]
  5209 | D:5      | Identified the +1 kite shield "Gihoupsa" {rCorr Int+3
                  | Stlth+}
  5253 | D:5      | Reached skill level 7 in Earth Magic
  5328 | D:5      | Identified the ring "Wafeeck" {rF+ Int+6}
  5733 | D:6      | Reached skill level 5 in Spellcasting
  5794 | D:6      | Found a blossoming altar of Fedhas.
  5801 | D:6      | Reached skill level 8 in Earth Magic
  5823 | D:6      | Noticed Prince Ribbit
  5829 | D:6      | Killed Prince Ribbit
  5830 | D:6      | Reached XP level 8. HP: 45/57 MP: 11/16
  6015 | D:6      | Found Utroomao's Jewellery Boutique.
  6024 | D:6      | Shot with an arrow by a centaur

Illustrated notes

Levels and vault maps discovered:
D:1:      giann_wishing_wells, layout_basic, minmay_misc_feat_more_columns,
          st_stairs_9
D:2:      layout_loops_ring, uniq_terence
D:3:      layout_basic, minivault_4, uniq_ijyb
D:4:      layout_basic
D:5:      layout_rooms
D:6:      layout_layer_cave, kennysheep_mini_moat, old_standard_altar,
          minmay_temple_entry_ruins, serial_shops, shop, uniq_prince_ribbit1,
          uniq_menkaure

Skill      XL: |  1  2  3  4  5  6  7 |
---------------+----------------------+-----
Earth Magic    | 4 5 6 8 |  8.8
Spellcasting   | 3 4 5 |  5.6
Dodging        | |  1.7
Stealth        | |  1.7
Transmutations | |  1.0

Action                   |  1- 3 |  4- 6 |  7- 9 || total
-------------------------+-------+-------+-------++-------
Melee: Unarmed           |    38 |       |       ||    38
       Tailslap          |     9 |     7 |       ||    16
       Short sword       |    56 |    11 |       ||    67
       Falchion          |       |    41 |       ||    41
 Fire: Fustibalus        |       |     9 |    53 ||    62
 Cast: Sandblast         |    35 |    47 |     7 ||    89
 Stab: Sleeping          |     3 |     1 |       ||     4
Armor: Skin              |    28 |    18 |     5 ||    51
Dodge: Dodged            |    87 |    38 |    12 ||   137
       Rpst.: Falchion   |       |     9 |       ||     9

Table legend: (Time is in decaauts)
 A = Elapsed time spent in this place.
 B = Non-inter-level travel time spent in this place.
 C = Inter-level travel time spent in this place.
 D = Time resting spent in this place.
 E = Time spent auto-exploring this place.
 F = Levels seen in this place.
 G = Mean time per level.
                   A        B        C        D        E       F      G
               +--------+--------+--------+--------+--------+-----+--------+
         Total |   6067 |   5916 |    151 |    127 |   5071 |   6 | 1011.2 |
       Dungeon |   6067 |   5916 |    151 |    127 |   5071 |   6 | 1011.2 |
               +--------+--------+--------+--------+--------+-----+--------+

Top non-repeatable levels by time:
     D:1: 1368 daAuts
     D:3: 1321 daAuts
     D:4: 1295 daAuts
     D:2: 976 daAuts
     D:6: 622 daAuts
     D:5: 484 daAuts
